 Dungeon Crawl Stone Soup version 0.25-a0-1133-g93ebf739aa (webtiles) character file.

Game seed: 7136565760167763457, levelgen mode: deterministic

21 vurker the Chucker (level 2, 0/31 HPs)
             Began as an Ogre Hunter on May 21, 2020.
             Was an Initiate of Okawaru.
             Slain by a hobgoblin
             ... wielding a +0 club
             ... led by Robin
              (5 damage)
             ... on level 1 of the Dungeon.
             The game lasted 00:01:38 (1272 turns).

vurker the Chucker (Ogre Hunter)                    Turns: 1272, Time: 00:01:39

Health: 0/31       AC:  3    Str: 15    XL:     2   Next: 83%
Magic:  2/2        EV: 10    Int: 12    God:    Okawaru [......]
Gold:   53         SH:  0    Dex:  9    Spells: 1/1 levels left

rFire    . . .     SeeInvis .   a - +0 short sword
rCold    . . .     Gourm    .   (no shield)
rNeg     . . .     Faith    .   b - +0 robe
rPois    .         Spirit   .   (helmet restricted)
rElec    .         Reflect  .   (no cloak)
rCorr    .         Harm     .   (gloves unavailable)
MR       .....                  (boots unavailable)
Stlth    +.........             (no amulet)
HPRegen  0.10/turn              (no ring)
MPRegen  0.08/turn              (no ring)

@: no status effects
A: large, unfitting armour, tough skin 1
a: Renounce Religion


You were on level 1 of the Dungeon.
You worshipped Okawaru.
Okawaru was noncommittal.
You were very hungry.

You visited 1 branch of the dungeon, and saw 2 of its levels.

You collected 53 gold pieces.

Inventory:

Hand Weapons
 a - a +0 short sword (weapon)
 k - a +0 mace
   (You found it on level 1 of the Dungeon)
Missiles
 c - 5 large rocks (quivered)
 d - 2 throwing nets
Armour
 b - a +0 robe (worn)
Scrolls
 f - a scroll of immolation {unknown}
 g - 4 scrolls of identify {unknown}
 j - 2 scrolls of remove curse {unknown}
Comestibles
 e - 3 rations


   Skills:
 + Level 3.2 Fighting
 * Level 1.2 Maces & Flails
 + Level 4.2 Throwing
 - Level 1.7 Dodging
 - Level 0.6 Stealth
 + Level 0.3 Invocations


You had one spell level left.
You didn't know any spells.
Your spell library was empty.

Dungeon Overview and Level Annotations

Branches:
Dungeon (2/15)

Altars:
Okawaru


Innate Abilities, Weirdness & Mutations

You are too large for most types of armour.
You have tough skin. (AC +1)


Message History

You closely miss the goblin.
You are feeling very hungry.
The goblin closely misses you. The rat bites you but does no damage.
The frilled lizard bites you.
You hit the goblin.
You kill the goblin!
Okawaru accepts your kill. The rat closely misses you.
The frilled lizard closely misses you.
You closely miss the hobgoblin. The rat barely misses you.
The frilled lizard barely misses you. The hobgoblin closely misses you.
You closely miss the hobgoblin. The rat bites you.
The frilled lizard closely misses you.
The hobgoblin hits you but does no damage.
You hit the hobgoblin.
You kill the hobgoblin!
Okawaru accepts your kill. The rat bites you. The frilled lizard misses you.
The goblin closely misses you.
You hit the goblin.
You kill the goblin!
Okawaru accepts your kill. The frilled lizard bites you.
The rat closely misses you.
You closely miss the hobgoblin. The hobgoblin hits you with a +0 club.
The frilled lizard bites you but does no damage.
The rat bites you.
You hit the hobgoblin but do no damage. The frilled lizard closely misses you.
The rat barely misses you. The hobgoblin hits you with a +0 club.
The frilled lizard completely misses you.
The rat barely misses you.
The hobgoblin hits you but does no damage.
You climb upwards.
There is a stone staircase leading down here.
The frilled lizard barely misses you. The rat bites you.
The hobgoblin hits you but does no damage.
You hit the frilled lizard.
You kill the frilled lizard!
Okawaru accepts your kill.
You hit the hobgoblin but do no damage. The hobgoblin barely misses you.
You hit the hobgoblin but do no damage. The hobgoblin closely misses you.
You hit the hobgoblin.
The hobgoblin hits you but does no damage.
You barely miss the hobgoblin. The hobgoblin hits you with a +0 club!
* * * LOW HITPOINT WARNING * * *
You hit the hobgoblin. The hobgoblin hits you with a +0 club.
* * * LOW HITPOINT WARNING * * *
You closely miss the hobgoblin. The hobgoblin hits you with a +0 club.
* * * LOW HITPOINT WARNING * * *
You closely miss the hobgoblin. The hobgoblin barely misses you.
You barely miss the hobgoblin. The hobgoblin hits you with a +0 club.
You die...

...........##...######........###
...........##........'........#..
...........##...#....#........#..
.....#####.###..#....#........#..
.....#####.# #..#....#####'####..
#..........###..#............##..
................###..........####
###########.....###..........##
................@##...........#
...............#g#########....###
.......(.......#r.########.......
.......####.............##.......
.......#######..........##.###...
###..........#....>.....##.......
.............#..........#########
.............#...............[..#
.............#..................#


You could see a hobgoblin and a rat.

Vanquished Creatures
  3 bats (D:1)
  A giant cockroach (D:1)
  4 hobgoblins
  3 frilled lizards (D:1)
  4 goblins
  3 kobolds (D:1)
  2 rats
20 creatures vanquished.

Notes
Turn   | Place    | Note
-------+----------+-------------------------------------------
     0 | D:1      | vurker the Ogre Hunter began the quest for the Orb.
     0 | D:1      | Reached XP level 1. HP: 22/22 MP: 1/1
   413 | D:1      | Reached XP level 2. HP: 31/31 MP: 2/2
   477 | D:1      | Found an iron altar of Okawaru.
   491 | D:1      | Became a worshipper of Warmaster Okawaru
   542 | D:1      | Reached skill level 1 in Maces & Flails
  1272 | D:1      | Slain by a hobgoblin

Illustrated notes

Levels and vault maps discovered:
D:1:      dpeg_arrival_signposts, layout_basic, minmay_crystal_room,
          okawaru_ov_weapons_minmay
D:2:      layout_loops_ring, lemuel_crystal_altar,
          gammafunk_temple_overflow_statue, uniq_robin

Skill      XL: |  1  2 |
---------------+-------+-----
Fighting       | 3 |  3.2
Maces & Flails | 1 |  1.2
Throwing       | |  4.2
Dodging        | |  1.7
Stealth        | |  0.6
Invocations    | |  0.3

Action                   || total
-------------------------++-------
Melee: Short sword       ||    71
 Stab: Sleeping          ||     3
Armor: Robe              ||    16
Dodge: Dodged            ||    47

Table legend:
 A = Non-vault XP
 B = Vault XP
 C = Vault XP percentage of total XP
 D = Non-vault monster count
 E = Vault monster count
 F = Vault count percentage of total count
                 A         B        C        D         E       F
            +---------+---------+-------+---------+---------+-------
      Total |      23 |       7 |  23.3 |      16 |       4 |  20.0
            +---------+---------+-------+---------+---------+-------
        D:1 |      22 |       0 |   0.0 |      15 |       0 |   0.0
        D:2 |       1 |       7 |  87.5 |       1 |       4 |  80.0
            +---------+---------+-------+---------+---------+-------
